 Dungeon Crawl Stone Soup version 0.27-a0-320-g81d27af2d4 (webtiles) character file.

Game seed: 15475561989734634934

150 tsouns the Covered (level 5, 0/36 HPs)
             Began as a Halfling Fighter on Feb 11, 2021.
             Slain by an iguana (2 damage)
             ... on level 4 of the Dungeon.
             The game lasted 00:03:07 (1937 turns).

tsouns the Covered (Halfling Fighter)               Turns: 1937, Time: 00:03:08

Health: 0/36       AC: 11    Str: 17    XL:     5   Next: 58%
Magic:  5/5        EV:  8    Int:  7    God:
Gold:   172        SH: 10    Dex: 14    Spells: 4/4 levels left

rFire    . . .     SeeInvis .   a - +0 long sword
rCold    . . .     Faith    .   c - +0 kite shield
rNeg     . . .     Spirit   .   p - +0 plate armour
rPois    .         Reflect  .   (no helmet)
rElec    .         Harm     .   o - scarf {shadows}
rCorr    .         Rampage  .   (no gloves)
Will     .....                  (no boots)
Stlth    ..........             (no amulet)
HPRegen  0.12/turn              h - +4 ring of evasion
MPRegen  0.09/turn              n - ring of wizardry

@: no status effects
A: small, mutation resistance 1
a: no special abilities


You were on level 4 of the Dungeon.
You visited 1 branch of the dungeon, and saw 4 of its levels.

You collected 172 gold pieces.

Inventory:

Hand Weapons
 a - a +0 long sword (weapon)
 k - a +1 dagger of holy wrath
Missiles
 m - 94 stones
 q - 5 boomerangs (quivered)
 r - 3 atropa-tipped darts
Armour
 b - a +0 scale mail
 c - a +0 kite shield (worn)
 o - a scarf of shadows (worn)
 p - a +0 plate armour (worn)
Jewellery
 h - a +4 ring of evasion (left hand)
 n - a ring of wizardry (right hand)
 t - a ring of wizardry
Scrolls
 e - a scroll of amnesia {unknown}
 f - 5 scrolls of identify {unknown}
 g - a scroll of teleportation {unknown}
 i - a scroll of enchant weapon {unknown}
 u - a scroll of fog {unknown}
Potions
 d - 2 potions of cancellation {unknown}
 j - a potion of brilliance {unknown}
 l - a potion of might
 s - 2 potions of curing {unknown}


   Skills:
 + Level 3.3 Fighting
 * Level 3.7 Long Blades
 + Level 4.1 Armour
 + Level 4.0 Shields


You had 4 spell levels left.
You didn't know any spells.
Your spell library was empty.

Dungeon Overview and Level Annotations

Branches:
Dungeon (4/15)
 Temple: D:4-7

Altars:
Nemelex Xobeh


Innate Abilities, Weirdness & Mutations

You are small and have problems with some larger weapons.
You are somewhat resistant to further mutation.


Message History

You block the iguana's attack.
You hit the iguana but do no damage.
The iguana is moderately wounded.
You block the iguana's attack.
The iguana bites you but does no damage.
You closely miss the iguana.
The iguana is moderately wounded.
You block the iguana's attack.
You slash the iguana!
The iguana is severely wounded.
The iguana completely misses you. The iguana bites you!
You closely miss the iguana.
The iguana is severely wounded.
You block the iguana's attack.
You hit the iguana.
The iguana is almost dead.
The iguana bites you!
* * * LOW HITPOINT WARNING * * *
The iguana bites you but does no damage.
Okay, then.
You hit the iguana but do no damage.
The iguana is almost dead.
You block the iguana's attack.
Your shield and plate armour prevent you from hitting the iguana.
The iguana is almost dead.
You block the iguana's attack. x2
You barely miss the iguana.
The iguana is almost dead.
The iguana bites you.
* * * LOW HITPOINT WARNING * * *
You barely miss the iguana.
The iguana is almost dead.
The iguana closely misses you. You block the iguana's attack.
Your plate armour prevents you from hitting the iguana.
The iguana is almost dead.
The iguana bites you but does no damage.
You hit the iguana but do no damage.
The iguana is almost dead.
The iguana bites you.
You die...

#................... ###
#..........#########
...######...................
....................######..
..>................## #..
..###..############# ###..
##.### #.... #...######
##### ###...@l.# ##
######.## ... #..###[.#
##.#...# #.....# ##..#....
#.## ## ..# .##


You could see an iguana.

Vanquished Creatures
  Jessica (D:2)
  Terence (D:3)
  4 adders (D:2)
  2 oozes
  3 worms
  A dart slug (D:1)
  2 leopard geckos (D:3)
  A giant cockroach (D:1)
  4 goblins
  8 hobgoblins
  A quokka (D:3)
  9 bats
  A frilled lizard (D:2)
  2 kobolds
  6 rats
46 creatures vanquished.

Notes
Turn   | Place    | Note
-------+----------+-------------------------------------------
     0 | D:1      | tsouns the Halfling Fighter began the quest for the Orb.
     0 | D:1      | Reached XP level 1. HP: 15/15 MP: 1/1
    97 | D:1      | Reached XP level 2. HP: 20/20 MP: 2/2
   618 | D:1      | Reached XP level 3. HP: 22/25 MP: 3/3
   757 | D:2      | Noticed Jessica
   771 | D:2      | Killed Jessica
   772 | D:2      | Reached XP level 4. HP: 31/31 MP: 4/4
   944 | D:2      | Reached XP level 5. HP: 33/36 MP: 5/5
  1257 | D:3      | Found a sparkling altar of Nemelex Xobeh.
  1352 | D:3      | Noticed Terence
  1381 | D:3      | Killed Terence
  1937 | D:4      | Slain by an iguana

Illustrated notes

Levels and vault maps discovered:
D:1:      grunt_arrival_lava_bath, layout_loops_ring
D:2:      minmay_spotlight, layout_rooms, uniq_jessica
D:3:      layout_basic, lemuel_statue_altar, uniq_terence
D:4:      layout_rooms, kennysheep_cross_bottleneck,
          amcnicky_mini_corridor_feature, uniq_blork_the_orc, uniq_duvessa

Skill      XL: |  1  2  3  4  5 |
---------------+----------------+-----
Fighting       | 3 |  3.3
Long Blades    | 3 |  3.7
Armour         | 4 |  4.1
Shields        | 4 |  4.0

Action                   |  1- 3 |  4- 6 || total
-------------------------+-------+-------++-------
Melee: Long sword        |    64 |   129 ||   193
  Use: Potion            |     1 |       ||     1
Armor: Scale mail        |    22 |    18 ||    40
       Plate armour      |       |    21 ||    21
Dodge: Dodged            |    31 |    56 ||    87
Block: Kite shield       |    43 |    67 ||   110
       Rpst.: Long sword |     9 |    18 ||    27

Table legend: (Time is in decaauts)
 A = Elapsed time spent in this place.
 B = Non-inter-level travel time spent in this place.
 C = Inter-level travel time spent in this place.
 D = Time resting spent in this place.
 E = Time spent auto-exploring this place.
 F = Levels seen in this place.
 G = Mean time per level.
                   A        B        C        D        E       F      G
               +--------+--------+--------+--------+--------+-----+--------+
         Total |   2029 |   1952 |     77 |      0 |   1442 |   4 |  507.2 |
       Dungeon |   2029 |   1952 |     77 |      0 |   1442 |   4 |  507.2 |
               +--------+--------+--------+--------+--------+-----+--------+

Top non-repeatable levels by time:
     D:1: 711 daAuts
     D:3: 641 daAuts
     D:2: 584 daAuts
     D:4: 92 daAuts
